 Dungeon Sprint DCSS version 0.28.0-53-g5a82cb258f (webtiles) character file.

Game seed: 2627901040884228532

795 Zeld the Cleaver (level 7, -1/71 (74) HPs)
             Began as a Minotaur Berserker on June 12, 2022.
             Was a Believer of Trog.
             Slain by a sixfirhy (10 damage)
             ... summoned by a kobold demonologist
             ... in the Dungeon (Sprint I: "Red Sonja").
             The game lasted 00:00:52 (1140 turns).

Zeld the Cleaver (Minotaur Berserker)               Turns: 1140, Time: 00:00:53

HP:   -1/71 (74)    AC:  2    Str: 23    XL:     7   Next: 58%
MP:   6/6           EV: 14    Int:  4    God:    Trog [**....]
Gold: 243           SH:  0    Dex: 10    Spells: 6/6 levels left

rFire   . . .      SeeInvis .   a - +0 hand axe
rCold   . . .      Faith    .   (no shield)
rNeg    . . .      Spirit   .   b - +0 animal skin
rPois   .          Reflect  .   (helmet restricted)
rElec   .          Harm     .   (no cloak)
rCorr   .          Rampage  .   (no gloves)
Will    ++...      NoTele   +   (no boots)
Stlth   +.........              (no amulet)
HPRegen 1.21/turn               (no ring)
MPRegen 0.10/turn               (no ring)

@: strong-willed, on berserk cooldown, regenerating, slowed, lightly drained,
very slow
A: horns 2, retaliatory headbutt
a: Renounce Religion, Berserk, Trog's Hand


You were in the Dungeon.
You worshipped Trog.
Trog was pleased with you.
You visited 1 branch You collected 243 gold pieces.

Inventory:

Hand Weapons
 a - a +0 hand axe (weapon)
Armour
 b - a +0 animal skin (worn)
Wands
 i - a wand of paralysis (4)
Potions
 c - a potion of curing
 d - a potion of heal wounds
 e - a potion of haste
 f - 2 potions of magic
 g - a potion of berserk rage


   Skills:
 * Level 11.4 Fighting
 * Level 11.4 Axes
 + Level 8.0 Armour
 + Level 7.4 Dodging
 + Level 5.2 Evocations


You had 6 spell levels left.
You didn't know any spells.
Your spell library was empty.

Dungeon Overview and Level Annotations

Branches:
Dungeon (1/1)

Altars:
Makhleb
Xom
Jiyva
Lugonu


Innate Abilities, Weirdness & Mutations

You have a pair of horns on your head.
You reflexively headbutt those who attack you in melee.


Message History

You slash the chaos spawn!
You hit the soul eater but do no damage.
Unknown command.
Unknown command.
You hit the kobold demonologist.
The kobold demonologist is moderately wounded.
You hit the chaos spawn. You completely miss the soul eater.
You are no longer berserk.
You are exhausted.
You feel yourself slow down.
The kobold demonologist gestures wildly while chanting.
The soul eater hits you but does no damage.
The chaos spawn completely misses you.
Unknown command.
Blink to where?
Press: ? - help, Dir - move target
As you read the scroll of blinking, it crumbles to dust.
You close the door.
A rust devil breaks down the door.
The kobold demonologist looks satisfied for a moment.
There is an open door here.
Aiming: Paralyse
Press: ? - help, Shift-Dir - straight line, f - rust devil
Aim: a rust devil (summoned, chance to affect: 28%)
The rust devil suddenly stops moving!
The kobold demonologist casts a spell.
Things that are here:
a +3 scythe of flaming; a +0 robe
There is an open door here.
Which direction?
Your skin crawls.
You feel strong-willed.
Which direction?
As you close the door, it creaks loudly!
A sixfirhy breaks down the door.
There is an open door, spattered with blood here.
The sixfirhy barely misses you. The sixfirhy hits you.
* * * LOW HITPOINT WARNING * * *
The sixfirhy shocks you!
You die...

######################
#<.#.@3).#..'..#__#$.'
#..').#..').#..43.'.K#
#..#####'#####+#__####
#..# #..# #### # #..#
#### #..# #⌠⌠# ####


You could see a sixfirhy (summoned).

Vanquished Creatures
  A kobold demonologist (D)
  A slime creature (D)
  Sigmund (D)
  A floating eye (D)
  An ogre (D)
  Ijyb (D)
6 creatures vanquished.

Notes
Turn   | Place    | Note
-------+----------+-------------------------------------------
     0 | D        | Zeld the Minotaur Berserker began the quest for the Orb.
     0 | D        | Reached XP level 1. HP: 19/19 MP: 0/0
     1 | D        | Noticed Ijyb
     2 | D        | Paralysed by something for 6 turns
    10 | D        | Killed Ijyb
    11 | D        | Reached skill level 5 in Fighting
    11 | D        | Reached skill level 5 in Axes
    11 | D        | Reached XP level 2. HP: 29/29 MP: 1/1
   345 | D        | Noticed an ogre
   349 | D        | Killed an ogre
   350 | D        | Reached XP level 3. HP: 35/39 MP: 2/2
   350 | D        | Reached XP level 4. HP: 42/47 MP: 3/3
   621 | D        | Noticed Sigmund
   627 | D        | Killed Sigmund
   627 | D        | Reached ** piety under Trog
   628 | D        | Reached skill level 5 in Dodging
   628 | D        | Reached XP level 5. HP: 56/56 MP: 4/4
   759 | D        | Found a burning altar of Makhleb.
   759 | D        | Found a viscous altar of Jiyva.
   759 | D        | Found a shimmering altar of Xom.
   759 | D        | Found a corrupted altar of Lugonu.
   759 | D        | Noticed a slime creature
   768 | D        | Killed a slime creature
   769 | D        | Reached skill level 10 in Fighting
   769 | D        | Reached skill level 10 in Axes
   769 | D        | Reached XP level 6. HP: 54/66 MP: 5/5
  1105 | D        | Noticed a kobold demonologist
  1105 | D        | Noticed a floating eye
  1105 | D        | Noticed a kobold demonologist
  1106 | D        | Noticed a soul eater
  1107 | D        | Paralysed by a floating eye for 2 turns
  1111 | D        | Killed a floating eye
  1112 | D        | Reached XP level 7. HP: 73/73 MP: 6/6
  1113 | D        | Noticed a chaos spawn
  1118 | D        | Killed a kobold demonologist
  1119 | D        | Reached skill level 5 in Evocations
  1122 | D        | HP: 4/106 [chaos spawn[a kobold demonologist] (8)]
  1125 | D        | Noticed a rust devil
  1131 | D        | Noticed a sixfirhy
  1140 | D        | Slain by a sixfirhy

Illustrated notes

Levels and vault maps discovered:
D:        dungeon_sprint_1 [red_sonja_temple_1, red_sonja_temple_small_1]

Skill      XL: |  1  2  3  4  5  6  7 |
---------------+----------------------+-----
Fighting       | 5 7 8 10 11 | 11.4
Axes           | 5 6 8 10 11 | 11.4
Armour         | 3 4 6 7 8 |  8.0
Dodging        | 3 4 5 6 7 |  7.4
Evocations     | 2 3 4 5 |  5.2

Action                   |  1- 3 |  4- 6 |  7- 9 || total
-------------------------+-------+-------+-------++-------
Melee: Hand axe          |     4 |    15 |    12 ||    31
       Headbutt          |       |     3 |       ||     3
Invok: Berserk           |     2 |     3 |       ||     5
       Trog's Hand       |       |       |     1 ||     1
Evoke: Wand              |       |       |     1 ||     1
  Use: Scroll            |       |       |     1 ||     1
Armor: Animal skin       |       |     3 |     2 ||     5
Dodge: Dodged            |     1 |     1 |     8 ||    10
